 Dungeon Crawl Stone Soup version 0.23.0 (webtiles) character file.

Game seed: 8239346794394151289

108 Kairos the Shield-Bearer (level 4, -1/24 HPs)
             Began as a Vine Stalker Fighter on Feb 15, 2019.
             Slain by an orc (3 damage)
             ... on level 3 of the Dungeon.
             The game lasted 00:02:28 (2042 turns).

Kairos the Shield-Bearer (Vine Stalker Fighter)     Turns: 2042, Time: 00:02:28

Health: -1/24      AC:  6    Str: 19    XL:     4   Next: 87%
Magic:  0/5        EV:  7    Int:  8    God:
Gold:   88         SH:  9    Dex: 14    Spells: 3/3 levels left

rFire    . . .     SeeInvis .   a - +0 war axe
rCold    . . .     Gourm    .   c - +0 shield
rNeg     . . .     Faith    .   b - +0 scale mail
rPois    .         Spirit   +   (no helmet)
rElec    .         Reflect  .   (no cloak)
rCorr    .         Harm     .   (no gloves)
MR       .....                  (no boots)
Stlth    ..........             i - amulet of the acrobat
HPRegen  0.48/turn              (no ring)
MPRegen  0.09/turn              (no ring)

@: no status effects
A: fangs 2, regeneration 1, magic shield, antimagic bite, no potion heal 3, rot
immunity
a: no special abilities


You were on level 3 of the Dungeon.
You were not hungry.

You visited 1 branch of the dungeon, and saw 3 of its levels.

You collected 88 gold pieces.

Inventory:

Hand Weapons
 a - a +0 war axe (weapon)
Armour
 b - a +0 scale mail (worn)
 c - a +0 shield (worn)
Magical Staves
 e - an uncursed staff of conjuration
Jewellery
 i - an amulet of the acrobat (around neck)
Scrolls
 g - 3 scrolls of fog
 j - 3 scrolls of identify
 k - a scroll of remove curse
 l - a scroll of blinking
 n - a scroll of enchant armour {unknown}
Potions
 d - a potion of might
 h - a potion of curing
 m - a potion of flight
 o - a potion of brilliance {unknown}
 p - a potion of lignification {unknown}
Comestibles
 f - 3 rations


   Skills:
 + Level 3.1 Fighting
 + Level 2.9 Axes
 + Level 2.9 Armour
 + Level 0.1 Dodging
 + Level 0.1 Stealth
 + Level 3.5 Shields


You had 3 spell levels left.
You didn't know any spells.
Your spell library was empty.

Dungeon Overview and Level Annotations

Branches:
Dungeon (3/15)

Altars:
Yredelemnul


Innate Abilities, Weirdness & Mutations

You have extremely sharp teeth.
Your natural rate of healing is unusually fast.
When hurt, damage is shared between your health and your magic reserves.
Your bite disrupts and absorbs the magic of your enemies.
Potions cannot restore your health.
You are immune to rotting.


Message History

You closely miss the orc. You bite the orc. You drain its power.
You feel invigorated.
The orc is heavily wounded.
You closely miss the orc. The orc hits you with a +0 flail!
* * * LOW HITPOINT WARNING * * *
You block the orc's attack.
You closely miss the orc. Your bite misses the orc.
The orc is heavily wounded.
Your shield and scale mail prevent you from hitting the orc.
The orc hits you with a +0 flail.
* * * LOW HITPOINT WARNING * * *
You block the orc's attack.
You barely miss the orc.
The orc is heavily wounded.
You closely miss the orc.
You block the orc's attack. x2; The orc hits you.
* * * LOW HITPOINT WARNING * * *
You hit the orc. Your bite misses the orc.
The orc is severely wounded.
You closely miss the orc. You block the orc's attack. The orc hits you.
You die...

#####..........#
#########
..........####.#
##.... ######.#.#
#.#########..###
#.....#.#
#..[.........#
#.#####.#
###########..###
#.# #.# ## #.....
#.#####.###.######
##.###
#.#..............#
#.#
#...#.#.##@..###.
#.#
#####.#.#oo)......
#.# #.#.#....###.#
#.# #.#.#.#.## #.#
.#..#. .# #.# #
#.#. .# ..# .##.
.. # #. ##


You could see 2 orcs.

Vanquished Creatures
  An orc priest (D:3)
  3 adders
  2 dart slugs
  A leopard gecko (D:1)
  An orc (D:3)
  3 ball pythons
  10 bats
  2 giant cockroaches (D:3)
  3 goblins
  8 hobgoblins
  A quokka (D:3)
  2 frilled lizards
  2 kobolds (D:3)
  8 rats
47 creatures vanquished.

Notes
Turn   | Place    | Note
-------+----------+-------------------------------------------
     0 | D:1      | Kairos the Vine Stalker Fighter began the quest for the
                  | Orb.
     0 | D:1      | Reached XP level 1. HP: 11/11 MP: 2/2
    49 | D:1      | Reached XP level 2. HP: 11/16 MP: 3/3
   483 | D:1      | Reached XP level 3. HP: 18/20 MP: 4/4
   545 | D:2      | Found a basalt altar of Yredelemnul.
  1540 | D:3      | Gained mutation: Your natural rate of healing is unusually
                  | fast. [Vine Stalker growth]
  1540 | D:3      | Reached XP level 4. HP: 23/24 MP: 5/5
  2041 | D:3      | HP: 1/24 [orc (1)]
  2042 | D:3      | Slain by an orc

Skill      XL: |  1  2 |
---------------+-------+-----
Axes           | 2 |  2.9
Shields        | 3 |  3.5
Fighting       | 3 |  3.1
Armour         | |  2.9
Dodging        | |  0.1
Stealth        | |  0.1

Action                   |  1- 3 |  4- 6 || total
-------------------------+-------+-------++-------
Melee: War axe           |    85 |    33 ||   118
       Bite              |    17 |     9 ||    26
  Use: Scroll            |     5 |       ||     5
  Eat: Ration            |       |     1 ||     1
Armor: Scale mail        |    38 |     6 ||    44
Dodge: Dodged            |    37 |    15 ||    52
Block: Shield            |    54 |    22 ||    76
